 Dungeon Crawl Stone Soup version 0.22.0-49-gab54619 (webtiles) character file.

317 Fang the Chopper (level 6, -3/58 HPs)
             Began as a Gargoyle Berserker on Sept 7, 2018.
             Was a Priest of Trog.
             Slain by a worm (6 damage)
             ... on level 5 of the Dungeon.
             The game lasted 00:03:35 (2510 turns).

Fang the Chopper (Gargoyle Berserker)               Turns: 2510, Time: 00:03:35

Health: -3/58      AC:  7    Str: 28    XL:     6   Next: 45%
Magic:  6/6        EV: 12    Int:  7    God:    Trog [***...]
Gold:   109        SH:  0    Dex:  9    Spells: 5/5 levels left

rFire    + . .     SeeInvis .   a - +1 hand axe
rCold    . . .     Gourm    .   (no shield)
rNeg     + . .     Faith    .   b - +1 animal skin
rPois    ∞         Spirit   .   (no helmet)
rElec    +         Reflect  .   (no cloak)
rCorr    .         Harm     .   (no gloves)
MR       .....                  (no boots)
Stlth    ..........             o - amulet of rage
HPRegen  0.19/turn              (no ring)
MPRegen  0.10/turn              (no ring)

@: berserking, very quick
A: big wings, fire resistance 1, mutation resistance 1, negative energy
resistance 1, electricity resistance, unbreathing, petrification resistance, rot
immunity, AC +4
a: Fly, Berserk, Trog's Hand, Renounce Religion, Evoke Berserk Rage


You were on level 5 of the Dungeon.
You worshipped Trog.
Trog was most pleased with you.
You were very hungry.

You visited 1 branch of the dungeon, and saw 5 of its levels.

You collected 109 gold pieces.

Inventory:

Hand Weapons
 a - a +1 hand axe (weapon)
Armour
 b - a +1 animal skin (worn)
Jewellery
 o - an amulet of rage (around neck)
Wands
 m - a wand of disintegration (4)
 q - a wand of acid (10)
Scrolls
 h - 2 scrolls of teleportation
Potions
 f - 2 potions of magic
 g - a potion of lignification
 j - 4 potions of curing
 k - 3 potions of flight
Comestibles
 c - 9 rations
 t - 2 chunks of flesh


   Skills:
 + Level 4.4 Fighting
 + Level 4.9 Axes
 + Level 2.4 Armour
 + Level 3.0 Dodging
 + Level 0.4 Stealth


You had 5 spell levels left.
You didn't know any spells.
Your spell library was empty.

Dungeon Overview and Level Annotations

Branches:
Dungeon (5/15)
 Temple: D:4-7

Altars:
Nemelex Xobeh
Yredelemnul
The Shining One


Innate Abilities, Weirdness & Mutations

You are resistant to torment.
Your stone body is resilient. (AC +4)
You are immune to poison.
You resist negative energy. (rN+)
You are resistant to electric shocks. (rElec)
You can survive without breathing.
You are immune to petrification.
You are immune to rotting.
Your large and strong wings let you fly indefinitely.
Your flesh is heat resistant. (rF+)
You are somewhat resistant to further mutation.


Message History

The worm is heavily wounded.
You hit the gnoll.
You kill the gnoll!
Trog accepts your kill.
You slash the crimson imp! You hit the gnoll. You slash the ball python!
You kill the ball python!
Trog accepts your kill. The gnoll barely misses you.
You slash the worm!
The worm is almost dead.
You slash the crimson imp!
You feel the power of Trog in you as your rage grows.
You kill the crimson imp!
Trog accepts your kill.
Your Dodging skill increases to level 3!
You slash the gnoll!
You kill the gnoll!
Trog accepts your kill. The worm bites you.
You die...

#..###.
#...#..
.##.....#
...._..#
#.....#
#.....#
#.#.lZ###..#
#...w@.....#
###.)........
#..######...
#.# . ... .##
.


You could see a worm, a giant cockroach zombie and a frilled lizard.

Vanquished Creatures
  Menkaure (D:4)
  A crimson imp (D:5)
  A hound skeleton (D:4)
  2 gnolls (D:5)
  3 adders
  A worm (D:3)
  A dart slug (D:1)
  3 leopard geckos
  9 orcs (D:3)
  8 bats
  6 giant cockroaches
  10 goblins
  9 hobgoblins
  6 jackals
  A quokka (D:2)
  2 ball pythons
  6 frilled lizards
  10 kobolds
  5 rats
85 creatures vanquished.

Notes
Turn   | Place    | Note
-------+----------+-------------------------------------------
     0 | D:1      | Fang the Gargoyle Berserker began the quest for the Orb.
     0 | D:1      | Reached XP level 1. HP: 14/14 MP: 1/1
   354 | D:1      | Reached XP level 2. HP: 12/19 MP: 2/2
   688 | D:1      | Reached XP level 3. HP: 24/24 MP: 3/3
   985 | D:2      | Found a faded altar of an unknown god.
  1075 | D:2      | Reached ** piety under Trog
  1640 | D:3      | Reached XP level 4. HP: 20/29 MP: 4/4
  2052 | D:3      | Found a glowing golden altar of the Shining One.
  2073 | D:3      | Found a basalt altar of Yredelemnul.
  2177 | D:3      | Reached *** piety under Trog
  2399 | D:4      | Noticed Menkaure
  2405 | D:4      | Reached XP level 5. HP: 33/33 MP: 5/5
  2407 | D:4      | Killed Menkaure
  2407 | D:4      | Reached XP level 6. HP: 25/38 MP: 6/6
  2506 | D:5      | Entered Level 5 of the Dungeon
  2506 | D:5      | Found a sparkling altar of Nemelex Xobeh.
  2507 | D:5      | Gained mutation: Your flesh is heat resistant. (rF+)
                  | [potion of mutation]
  2507 | D:5      | Gained mutation: Your large and strong wings let you fly
                  | indefinitely. [potion of mutation]
  2507 | D:5      | Gained mutation: You are somewhat resistant to further
                  | mutation. [potion of mutation]
  2510 | D:5      | Slain by a worm

Skill      XL: |  1  2  3  4  5  6 |
---------------+-------------------+-----
Axes           | 3 4 |  4.9
Dodging        | 2 3 |  3.0
Fighting       | 4 |  4.4
Armour         | |  2.4
Stealth        | |  0.4

Action                   |  1- 3 |  4- 6 || total
-------------------------+-------+-------++-------
Melee: Hand axe          |   144 |    67 ||   211
Invok: Berserk           |     1 |     4 ||     5
  Use: Scroll            |       |    11 ||    11
       Potion            |       |     1 ||     1
  Eat: Chunk             |     3 |     6 ||     9
Armor: Animal skin       |    62 |    50 ||   112
Dodge: Dodged            |   135 |    80 ||   215
